 Dungeon Crawl Stone Soup version 0.24-a0-271-ga0fc33f (webtiles) character file.

Game seed: 9167354635291349050

23990 Leggyless the Cleaver (level 12, -1/112 HPs)
             Began as a Deep Dwarf Fighter on Apr 24, 2019.
             Was a High Priest of Makhleb.
             Slain by a two-headed ogre
             ... wielding a +0 giant spiked club
              (18 damage)
             ... on level 13 of the Dungeon.
             The game lasted 00:43:29 (12351 turns).

Leggyless the Cleaver (Deep Dwarf Fighter)         Turns: 12351, Time: 00:43:31

Health: -1/112     AC: 18    Str: 23    XL:     12   Next: 76%
Magic:  15/15      EV:  6    Int: 11    God:    Makhleb [*****.]
Gold:   415        SH: 12    Dex: 12    Spells: 11/11 levels left

rFire    . . .     SeeInvis +   U - +3 hand axe
rCold    . . .     Gourm    .   c - +0 shield
rNeg     . . .     Faith    +   L - +0 plate armour
rPois    .         Spirit   .   (no helmet)
rElec    .         Reflect  .   G - scarf {repulsion}
rCorr    .         Harm     .   o - +1 pair of gloves
MR       +....                  P - +0 pair of boots
Stlth    ..........             z - amulet of faith
HPRegen  0.00/turn              K - ring of see invisible
MPRegen  0.14/turn              u - ring of stealth

@: non-regenerating, repel missiles
A: damage resistance, heal wounds, sense surroundings 2, no regeneration
a: Heal Wounds, Minor Destruction, Lesser Servant of Makhleb, Major Destruction,
Greater Servant of Makhleb, Renounce Religion


You were on level 13 of the Dungeon.
You worshipped Makhleb.
Makhleb was extremely pleased with you.
You were not hungry.

You visited 2 branches of the dungeon, and saw 14 of its levels.

You collected 688 gold pieces.
You spent 273 gold pieces at shops.

Inventory:

Hand Weapons
 a - a +0 war axe
 b - the +8 Wrath of Trog {antimagic, *Rage}
   (You acquired it on level 12 of the Dungeon)

   It reduces the magical energy of the wielder, and disrupts the spells and
   magical abilities of those hit.
   Natural abilities and divine invocations are not affected.
   It may make you go berserk in combat.
 h - a +1 flail of freezing
 N - a +0 broad axe
 U - a +3 hand axe (weapon)
Missiles
 y - 2 throwing nets (quivered)
 J - 12 tomahawks
 R - 6 javelins
Armour
 c - a +0 shield (worn)
 d - a +3 leather armour of fire resistance
 n - a +0 large shield
 o - a +1 pair of gloves (worn)
 G - a scarf of repulsion (worn)
 L - a +0 plate armour (worn)
 M - a +3 chain mail
 O - a +0 chain mail
 P - a +0 pair of boots (worn)
Jewellery
 t - an uncursed ring of magical power
 u - a ring of stealth (right hand)
 x - an uncursed ring of fire
 z - an amulet of faith (around neck)
 D - an uncursed ring of poison resistance
 K - a ring of see invisible (left hand)
Wands
 v - a wand of disintegration (9)
 Q - a wand of iceblast (9)
 S - a wand of scattershot (6)
 T - a wand of clouds (8)
Scrolls
 l - 3 scrolls of remove curse
 q - 6 scrolls of teleportation
 r - 3 scrolls of magic mapping
 w - 2 scrolls of fog
 E - a scroll of fear
 F - 2 scrolls of blinking
 H - a scroll of identify
 W - a scroll of vulnerability {unknown}
Potions
 e - a potion of haste {unknown}
 g - a potion of cancellation {unknown}
 i - a potion of resistance {unknown}
 j - a potion of degeneration {unknown}
 k - 5 potions of curing
 m - a potion of invisibility
 p - 2 potions of lignification
 s - 2 potions of flight
 A - 2 potions of magic
 B - 2 potions of heal wounds
 C - 2 potions of berserk rage {unknown}
 I - a potion of brilliance {unknown}
Miscellaneous
 X - a phial of floods
Comestibles
 f - 22 rations
 V - 16 chunks of flesh


   Skills:
 + Level 8.7 Fighting
 + Level 14.9 Axes
 + Level 10.1 Armour
 - Level 0.2 Dodging
 + Level 10.2 Shields
 * Level 8.4 Invocations


You had 11 spell levels left.
You didn't know any spells.
Your spell library contained the following spells:

 Spells                   Type           Power        Failure   Level  Hunger
 Animate Skeleton         Necr           N/A          100%        1    ##.....
 Pain                     Necr           #...         100%        1    ##.....
 Sting                    Conj/Pois      #...         100%        1    ##.....
 Poisonous Vapours        Pois/Air       #.....       100%        2    ###....
 Mephitic Cloud           Conj/Pois/Air  #.......     100%        3    ####...
 Vampiric Draining        Necr           #.........   100%        3    ####...
 Animate Dead             Necr           N/A          100%        4    #####..
 Olgreb's Toxic Radiance  Pois           #.......     100%        4    #####..
 Bolt of Magma            Conj/Fire/Erth #.........   100%        5    ######.
 Iskenderun's Battlesphe  Conj/Chrm      #.......     100%        5    ######.
 Venom Bolt               Conj/Pois      #.........   100%        5    ######.
 Iron Shot                Conj/Erth      #.........   100%        6    #######
 Orb of Destruction       Conj           #.........   100%        7    #######
 Spellforged Servitor     Conj/Summ      #.........   100%        7    #######
 Regeneration             Chrm/Necr      Unusable     N/A         3    N/A

Dungeon Overview and Level Annotations

Branches:
Dungeon (13/15)            Temple (1/1) D:5            Lair (0/6) D:8
    Orc (0/2) D:10
 Vaults: D:13-14

Altars:
Ashenzari
Cheibriados
Dithmenos
Elyvilon
Fedhas
Gozag
Hepliaklqana
Makhleb
Nemelex Xobeh
Okawaru
Sif Muna
Uskayaw
Vehumet
Xom
Yredelemnul
The Shining One

Shops:
D:5 !   D:6 :   D:9 (*   D:11 *%=(%

Annotations:
D:1 exclusion: downstairs
D:2 Terence
D:3 exclusion: downstairs
D:4 exclusion: downstairs
D:5 Prince Ribbit
D:7 exclusions: 5 electric eels and 8 more exclusions
D:11 exclusion: 2 downstairs


Innate Abilities, Weirdness & Mutations

You are resistant to damage.
You can heal yourself by infusing magical energy.
You passively map the area around you.
You do not regenerate.


Message History

Your hellwing hits the deep elf mage. x2
Your hellwing closely misses the troll.
Your hellwing completely misses the troll.
The deep elf mage hits your hellwing but does no damage.
The troll bites your hellwing! The troll claws your hellwing.
The troll claws your hellwing!
Your hellwing hits the troll! x2
Your hellwing hits the troll!
Your hellwing hits the troll but does no damage.
The deep elf mage hits you but does no damage.
The troll bites your hellwing! The troll claws your hellwing.
The troll barely misses your hellwing.
Your hellwing closely misses the deep elf mage.
Your hellwing barely misses the deep elf mage.
You closely miss the two-headed ogre. You closely miss the deep elf mage.
Your hellwing hits the two-headed ogre! x2
The deep elf mage gestures at you while chanting.
The bolt of cold hits you!!
* * * LOW HITPOINT WARNING * * *
The two-headed ogre hits you with a +0 giant spiked club!!
You die...

######..(###......(.#####.#
,.....(## ########.#...# *
#####.# ,, ###.#.#.#
#.#,,,∩ ,#.....#.# * ..#
#.#.###.#,
^.####+####.#.....#,
..........T43####### ,
......e4.# ,* ......O@.# **
* * ######+#.#, , ,###, * *
* ** * + , , ,, * , * * , *
* * , , , , * * * * ** *


You could see a two-headed ogre, a deep elf mage, a troll, 2 friendly hellwings
and a friendly neqoxec.

Vanquished Creatures
  Erolcha (D:11)
  A hydra (D:12)
  An ogre mage (D:13)
  A centaur warrior (D:13)
  3 two-headed ogres (D:13)
  Urug (D:11)
  A skeletal warrior (D:12)
  Pikel (D:9)
  An ugly thing (D:12)
  A deep elf mage (D:12)
  A guardian serpent (D:11)
  7 centaur zombies
  Joseph (D:10)
  A gargoyle (D:10)
  5 centaur skeletons
  A redback zombie (D:8)
  2 hellwings (D:8)
  A hornet (D:8)
  5 slime creatures
  3 hippogriffs
  25 yaks
  A human (D:8)
  3 hogs (D:8)
  A hungry ghost (D:12)
  2 wargs (D:10)
  Edmund (D:4)
  An acid dragon (D:12)
  A water moccasin (D:10)
  4 orc warriors
  5 ice beasts
  5 sky beasts
  4 ogres
  3 black bears
  A necrophage (D:10)
  4 slaves (D:9)
  10 centaurs
  A big kobold (D:12)
  10 bullfrogs
  4 scorpions
  10 killer bees
  8 wights
  4 howler monkeys
  2 crimson imps
  4 bullfrog zombies
  A quasit (D:5)
  6 hounds
  9 orc priests
  2 bullfrog skeletons
  5 jellies
  13 orc wizards
  6 iguanas
  10 worker ants
  A hound skeleton (D:8)
  A hound zombie (D:6)
  2 worker ant zombies
  4 gnolls (D:5)
  8 adders
  6 shadow imps
  An ooze (D:6)
  2 adder zombies
  An adder skeleton (D:5)
  3 worms
  12 dart slugs
  4 leopard geckos
  52 orcs
  8 giant cockroaches
  7 goblins
  9 hobgoblins
  3 jackals (D:4)
  5 quokkas
  5 bats
  3 frilled lizards
  A jackal skeleton (D:5)
  12 kobolds
  A quokka skeleton (D:5)
  10 rats
366 creatures vanquished.

Vanquished Creatures (collateral kills)
  A two-headed ogre (D:13)
  A cyclops (D:11)
  A yak (D:12)
  A bullfrog (D:11)
4 creatures vanquished.

Vanquished Creatures (others)
  An orc wizard (D:6)
  A dart slug (D:7)
2 creatures vanquished.

Grand Total: 372 creatures vanquished

Notes
Turn   | Place    | Note
-------+----------+-------------------------------------------
     0 | D:1      | Leggyless the Deep Dwarf Fighter began the quest for the
                  | Orb.
     0 | D:1      | Reached XP level 1. HP: 20/20 MP: 1/1
    86 | D:1      | Reached XP level 2. HP: 25/27 MP: 2/2
   406 | D:1      | Reached XP level 3. HP: 26/34 MP: 3/3
   706 | D:2      | Reached skill level 3 in Axes
   834 | D:2      | Noticed Terence
   958 | D:2      | Reached XP level 4. HP: 35/42 MP: 4/4
  2034 | D:3      | Found a radiant altar of Vehumet.
  2111 | D:3      | Noticed a phantom
  2345 | D:3      | Noticed an ogre
  2365 | D:3      | Killed an ogre
  2365 | D:3      | Reached skill level 5 in Axes
  2365 | D:3      | Reached XP level 5. HP: 6/49 MP: 5/5
  2778 | D:4      | Reached skill level 6 in Axes
  2875 | D:4      | Reached XP level 6. HP: 44/56 MP: 6/6
  3007 | D:4      | Noticed Edmund
  3464 | D:4      | Killed Edmund
  3464 | D:4      | Reached skill level 7 in Axes
  3464 | D:4      | Reached XP level 7. HP: 16/62 MP: 7/7
  3972 | D:5      | Entered Level 5 of the Dungeon
  4154 | D:5      | Found Geycunol's Distillery.
  4177 | D:5      | Found a sparkling altar of Nemelex Xobeh.
  4279 | D:5      | Reached skill level 8 in Axes
  4307 | D:5      | Found a staircase to the Ecumenical Temple.
  4333 | Temple   | Entered the Ecumenical Temple
  4481 | Temple   | Became a worshipper of Makhleb the Destroyer
  4630 | D:5      | Bought a potion of heal wounds for 55 gold pieces
  4778 | D:5      | Found a white marble altar of Elyvilon.
  5034 | D:6      | Reached skill level 5 in Armour
  5034 | D:6      | Reached XP level 8. HP: 38/72 MP: 8/8
  5109 | D:6      | Reached skill level 5 in Shields
  5197 | D:6      | Reached skill level 9 in Axes
  5215 | D:6      | Found a sparkling altar of Nemelex Xobeh.
  5285 | D:6      | Noticed Prince Ribbit
  5421 | D:6      | Found a shadowy altar of Dithmenos.
  5481 | D:6      | Found Mefuseil's Book Boutique.
  5647 | D:7      | Reached * piety under Makhleb
  6038 | D:7      | You fall through a shaft!
  6058 | D:8      | Noticed a hippogriff
  6074 | D:8      | Killed a hippogriff
  6074 | D:8      | Reached skill level 10 in Axes
  6074 | D:8      | Gained mutation: You passively map the area around you.
                  | [Deep Dwarf growth]
  6074 | D:8      | Reached XP level 9. HP: 38/79 MP: 8/8
  6129 | D:8      | Noticed a hellwing
  6143 | D:8      | Killed a hellwing
  6160 | D:8      | Reached ** piety under Makhleb
  6160 | D:8      | Reached skill level 5 in Fighting
  6160 | D:8      | Reached skill level 11 in Axes
  6160 | D:8      | Noticed a hellwing
  6184 | D:8      | Killed a hellwing
  6213 | D:8      | Reached XP level 10. HP: 33/88 MP: 9/9
  6471 | D:8      | Reached skill level 12 in Axes
  6954 | D:8      | Found a staircase to the Lair.
  7470 | D:7      | Got a steaming leather armour
  7481 | D:7      | Identified the +4 leather armour of Disguise {rC+ Dex+4}
                  | (You found it on level 7 of the Dungeon)
  7706 | D:8      | Reached *** piety under Makhleb
  7774 | D:8      | Noticed a lindwurm
  7854 | D:8      | Noticed a lindwurm
  7854 | D:8      | Noticed a lindwurm
  7949 | D:9      | Found Zuiguoc's Assorted Antiques.
  7949 | D:9      | Noticed Pikel
  8039 | D:9      | Bought a scorched chain mail for 218 gold pieces
  8049 | D:9      | Identified the cursed +1 chain mail of Kleptomania {Dex+2}
                  | (You bought it in a shop on level 9 of the Dungeon)
  8116 | D:9      | Found Obiomiuj's Weapon Shop.
  8292 | D:9      | Reached skill level 1 in Invocations
  8470 | D:9      | Reached skill level 13 in Axes
  8508 | D:9      | Reached XP level 11. HP: 65/99 MP: 10/10
  8601 | D:9      | Killed Pikel
  8666 | D:9      | Reached **** piety under Makhleb
  8874 | D:10     | Entered Level 10 of the Dungeon
  8916 | D:10     | Found a shadowy altar of Dithmenos.
  9195 | D:10     | Reached ***** piety under Makhleb
  9320 | D:10     | Found a staircase to the Orcish Mines.
  9321 | D:10     | Noticed Joseph
  9355 | D:10     | Killed Joseph
  9959 | D:11     | Found Hier's Jewellery Emporium.
  9980 | D:11     | Reached skill level 5 in Invocations
 10045 | D:11     | Found Woimipp's Antique Weapon Shop.
 10132 | D:11     | Found Kuseyrch's Food Emporium.
 10290 | D:11     | Found Cukimm's Food Shoppe.
 10325 | D:11     | Noticed Urug
 10340 | D:11     | Killed Urug
 10388 | D:11     | Reached skill level 14 in Axes
 10391 | D:11     | Found Dealun's General Store.
 10463 | D:11     | Noticed Erolcha
 10474 | D:11     | Killed Erolcha
 10747 | D:12     | Noticed a cyan ugly thing
 10808 | D:12     | Noticed a skeletal warrior
 11233 | D:12     | Reached XP level 12. HP: 48/109 MP: 14/14
 11313 | D:12     | Identified a scroll of acquirement
 11314 | D:12     | Found the +8 Wrath of Trog {antimagic, *Rage}
 11531 | D:12     | Noticed a four-headed hydra
 11545 | D:12     | Killed a four-headed hydra
 12124 | D:13     | Noticed a centaur warrior
 12144 | D:13     | Killed a centaur warrior
 12144 | D:13     | Reached skill level 10 in Shields
 12159 | D:13     | Noticed a two-headed ogre
 12160 | D:13     | Noticed an ogre mage
 12176 | D:13     | Killed an ogre mage
 12181 | D:13     | Killed a two-headed ogre
 12208 | D:13     | Noticed a two-headed ogre
 12210 | D:13     | Noticed a two-headed ogre
 12210 | D:13     | Noticed a two-headed ogre
 12220 | D:13     | Killed a two-headed ogre
 12220 | D:13     | Reached skill level 10 in Armour
 12226 | D:13     | Killed a two-headed ogre
 12233 | D:13     | Killed a two-headed ogre
 12342 | D:13     | Noticed a two-headed ogre
 12351 | D:13     | Slain by a two-headed ogre

Levels and vault maps discovered:
D:1:      giann_horns, layout_basic, minmay_heptomino_w4
D:2:      layout_basic, minmay_misc_feat_nine_boxes, uniq_terence
D:3:      layout_basic, marbit_many_paths, first_ration
D:4:      layout_layer_cave, uniq_edmund
D:5:      layout_loops_cross, nemelex_xobeh_ov_fountains_minmay,
          elyvilon_altar_4, minmay_temple_entry_statues_fountains, serial_shops,
          nicolae_shop_waterfront
D:6:      layout_rooms, nicolae_overflow_crystal_walls, serial_shops,
          shop_statue, kennysheep_crisscross, nemelex_dance_club_becter,
          uniq_prince_ribbit1
D:7:      kennysheep_slugbush, layout_basic
D:8:      cheibrodos_grave_circle, layout_loops_ring, lair_entry_dummy,
          serial_glass, glass_columns_a, glass_columns_c, grunt_livestock,
          minmay_lindwurm_lava
D:9:      layout_irregular_city, serial_shops, shop, shop, uniq_pikel
D:10:     layout_rooms, david_orc_1_choice, grunt_dithmenos_smoke, uniq_joseph
D:11:     layout_gridville, serial_shops,
          nicolae_shop_competitors_out_of_business, shop, shop,
          kennysheep_little_box, shop_statue, nrook_guardian_serpent_ordinary,
          uniq_erolcha, uniq_urug
D:12:     layout_gridville
D:13:     layout_basic, david_vaults_1
Temple:   dpeg_five_rooms_temple

Skill      XL: |  1  2  3  4  5  6  7  8  9 10 11 12 |
---------------+-------------------------------------+-----
Fighting       | 3 4 5 6 7 8 |  8.7
Axes           | 3 5 6 7 8 10 11 13 14 | 14.9
Shields        | 4 5 7 8 9 10 | 10.2
Armour         | 4 5 6 7 8 9 10 | 10.1
Invocations    | 2 6 8 |  8.4
Dodging        | |  0.2

Action                   |  1- 3 |  4- 6 |  7- 9 | 10-12 || total
-------------------------+-------+-------+-------+-------++-------
Melee: War axe           |   116 |   172 |   400 |   710 ||  1398
       Broad axe         |       |       |       |   170 ||   170
       Hand axe          |       |       |       |   346 ||   346
       Flail             |       |       |       |     3 ||     3
Throw: Stone             |     2 |       |       |       ||     2
Invok: Lesser Servant of |       |       |       |    11 ||    11
 Abil: Heal Wounds       |     1 |     5 |     7 |     5 ||    18
  Use: Potion            |       |     2 |     3 |     3 ||     8
       Scroll            |       |       |       |    17 ||    17
 Stab: Distracted        |       |       |       |     2 ||     2
       Invisible         |       |       |       |    14 ||    14
  Eat: Chunk             |       |     8 |     6 |    25 ||    39
       Ration            |       |       |     1 |       ||     1
Armor: Scale mail        |    55 |    74 |   163 |    51 ||   343
       Plate armour      |       |       |       |   347 ||   347
       Leather armour    |       |       |       |    27 ||    27
Dodge: Dodged            |    35 |    47 |   113 |   190 ||   385
       Deflected         |       |       |       |     7 ||     7
Block: Shield            |    60 |    85 |   197 |   505 ||   847

Table legend:
 A = Non-vault XP
 B = Vault XP
 C = Vault XP percentage of total XP
 D = Non-vault monster count
 E = Vault monster count
 F = Vault count percentage of total count
                 A         B        C        D         E       F
            +---------+---------+-------+---------+---------+-------
      Total |   26145 |    8127 |  23.7 |     317 |      50 |  13.6
            +---------+---------+-------+---------+---------+-------
        D:1 |      43 |       9 |  17.3 |      21 |       5 |  19.2
        D:2 |      81 |       0 |   0.0 |      20 |       0 |   0.0
        D:3 |     239 |       1 |   0.4 |      13 |       1 |   7.1
        D:4 |     377 |     154 |  29.0 |      18 |       1 |   5.3
        D:5 |     484 |       0 |   0.0 |      24 |       0 |   0.0
        D:6 |     729 |     129 |  15.0 |      16 |       2 |  11.1
        D:7 |     708 |      40 |   5.3 |      14 |      10 |  41.7
        D:8 |    1694 |    4266 |  71.6 |      26 |      17 |  39.5
        D:9 |    2607 |     641 |  19.7 |      32 |       1 |   3.0
       D:10 |    3300 |    1095 |  24.9 |      45 |      10 |  18.2
       D:11 |    2030 |    1792 |  46.9 |      25 |       3 |  10.7
       D:12 |    9335 |       0 |   0.0 |      52 |       0 |   0.0
       D:13 |    4518 |       0 |   0.0 |      11 |       0 |   0.0
            +---------+---------+-------+---------+---------+-------
